Blues vs Kings
Created - November 4, 2017 at 19:40
Goals
|
| Blues |
0 |
1 |
0 |
1 |
| Kings |
1 |
2 |
0 |
3 |
|
Shots
|
| Blues |
8 |
7 |
5 |
20 |
| Kings |
12 |
11 |
1 |
24 |
|
1st period
1. Kings , Jason Pominville 2 (Johnny Gaudreau 4, Anze Kopitar 5) at 18:32
Penalties :
Linus Omark (STL) for Holding (Minor) at 6:47
2nd period
2. Kings , Mike Comrie 3 (Torey Krug 3) at 5:10
3. Blues , Jason Akeson 2 (Linus Omark 2) at 13:23
4. Kings , Anze Kopitar 8 (Johnny Gaudreau 5) at 15:44 (PP)
Penalties :
Colton Parayko (LAK) for Tripping (Minor) at 0:13, Blake Wheeler (STL) for Hooking (Minor) at 5:34, Drew Fata (STL) for Tripping (Minor) at 15:38
3rd period
No Goal
Penalties :
Drew Miller (LAK) for Roughing (Minor) at 2:12, Drew Miller (LAK) for Cross-checking (Minor) at 5:39, Alex Pietrangelo (STL) for Hooking (Minor) at 8:23, Nikita Kucherov (LAK) for Hooking (Minor) at 14:27
Goalie Stats
Tuukka Rask (STL), 21 saves from 24 shots - (0.875), L, 5-5-0, 60:00 minutes
Jonathan Quick (LAK), 19 saves from 20 shots - (0.950), W, 4-3-1, 60:00 minutes
Players Stats for Blues
Player Name G A P +/- PIM S H SB GA TA FO MP PP MP PK MP
------------------------------------------------------------------------------------
Alex Pietrangelo 0 0 0 0 2 3 0 0 2 1 0/0 24:40 5:05 0:06
Blake Wheeler 0 0 0 0 2 0 4 0 0 1 0/0 20:51 3:36 2:08
Bryce Lampman 0 0 0 0 0 0 1 0 0 0 0/0 20:42 0:00 3:57
Cody Franson 0 0 0 0 0 0 0 1 1 0 0/0 18:33 2:51 2:06
David Perron 0 0 0 0 0 1 4 0 0 0 0/0 15:19 3:36 0:00
Drew Fata 0 0 0 -1 2 2 1 0 1 1 0/0 19:30 0:00 3:51
Drew Stafford 0 0 0 -1 0 2 0 1 0 0 0/0 12:09 0:00 1:13
Jake Gardiner 0 0 0 -1 0 0 2 0 1 0 0/0 18:52 5:05 2:06
Jason Akeson 1 0 1 0 0 1 0 0 0 0 0/0 9:09 0:00 0:00
Jordan Nolan 0 0 0 -1 0 0 1 1 0 0 1/4 12:44 0:00 2:11
Justin Schultz 0 0 0 0 0 2 3 1 1 1 0/0 17:41 2:51 0:00
Linus Omark 0 1 1 0 2 2 1 0 0 1 0/0 8:29 0:08 0:00
Loui Eriksson 0 0 0 -1 0 1 2 0 0 0 0/0 11:12 0:00 0:27
Nicklas Backstrom 0 0 0 0 0 2 2 0 0 0 17/27 21:03 4:20 1:32
Sergei Shirokov 0 0 0 0 0 0 1 0 0 0 1/2 15:28 4:12 0:00
Taylor Hall 0 0 0 0 0 1 2 0 0 0 0/0 20:20 4:12 1:26
Tomas Plekanec 0 0 0 0 0 1 1 1 0 0 1/1 8:35 0:08 0:00
Travis Zajac 0 0 0 0 0 2 1 1 0 1 4/16 18:36 3:36 3:09
Players Stats for Kings
Player Name G A P +/- PIM S H SB GA TA FO MP PP MP PK MP
------------------------------------------------------------------------------------
Anze Kopitar 1 1 2 0 0 6 2 0 2 0 13/26 20:23 3:21 2:08
Chris Mcallister 0 0 0 0 0 0 2 0 0 2 0/0 12:09 0:00 4:27
Colton Parayko 0 0 0 0 2 0 0 1 0 0 0/0 16:32 0:00 0:00
Darroll Powe 0 0 0 0 0 1 2 0 0 0 0/0 7:28 0:00 0:00
Drew Doughty 0 0 0 0 0 1 1 0 0 2 0/0 22:04 3:22 2:51
Drew Miller 0 0 0 0 4 0 5 1 1 1 1/1 18:41 2:42 1:07
Frans Nielsen 0 0 0 0 0 3 2 0 0 0 6/11 17:27 2:42 0:00
Jason Pominville 1 0 1 0 0 3 2 0 0 0 0/1 20:29 3:21 2:06
Johnny Gaudreau 0 2 2 0 0 3 3 0 0 0 1/2 19:43 3:21 1:30
Matt Irwin 0 0 0 0 0 0 3 1 0 0 0/0 16:59 2:41 0:23
Michal Rozsival 0 0 0 1 0 1 1 2 1 1 0/0 23:11 2:41 4:42
Mike Comrie 1 0 1 1 0 1 3 0 0 0 5/9 13:23 0:00 4:30
Nikita Kucherov 0 0 0 1 2 1 0 0 1 0 0/0 12:01 2:42 0:00
Peter Worrell 0 0 0 1 0 1 2 0 0 0 0/0 8:51 0:00 0:04
Randy Jones 0 0 0 0 0 0 2 2 0 0 0/0 19:42 0:00 5:05
Ryan Callahan 0 0 0 0 0 1 2 0 1 0 0/0 14:35 0:00 0:00
Torey Krug 0 1 1 1 0 2 1 1 0 0 0/0 21:32 3:22 2:51
Vojtech Polak 0 0 0 0 0 0 2 0 0 0 0/0 6:50 0:00 0:00
3 Stars
1 - Anze Kopitar (LAK)
2 - Mike Comrie (LAK)
3 - Johnny Gaudreau (LAK)
Power Play
Blues - 0 on 4 Attempt(s) - 0.00%
Kings - 1 on 4 Attempt(s) - 25.00%
Penalty Kill
Blues - 3 on 4 Attempt(s) - 75.00%
- Score 0 goal in Penalty Kill
Kings - 4 on 4 Attempt(s) - 100.00%
- Score 0 goal in Penalty Kill
Team Stat
Blues - Hits : 26 - Faceoff Wins : 24 - Blocked Shots : 6 - Penalty Minutes : 8
Kings - Hits : 35 - Faceoff Wins : 26 - Blocked Shots : 8 - Penalty Minutes : 8
Official
Referees : Walsh Ian and Peel Tim
Linesman : Steve Miller and Darren Gibbs
Game Notes
No Game Note
Finance
Level 1 -- Attendance: 5450 (90.83%) -- Ticket Income $490,500
Level 2 -- Attendance: 3514 (70.28%) -- Ticket Income $228,410
Level 3 -- Attendance: 1529 (76.45%) -- Ticket Income $61,160
Level 4 -- Attendance: 2891 (72.28%) -- Ticket Income $86,730
Luxury Box -- Attendance: 916 (91.60%) -- Ticket Income $132,820
Game was played at the Staples Center.
Total Attendance: 14300 (79.44%)
Total Ticket Income: $999,620
Other Income: $149,943
Total Income: $1,149,563
Blues
5 vs 5 Forward
Center Left Wing Right Wing Time % Phy DF OF
1 Nicklas Backstrom Taylor Hall Blake Wheeler 40 1 2 2
2 Travis Zajac David Perron Sergei Shirokov 30 1 2 2
3 Jordan Nolan Loui Eriksson Drew Stafford 20 1 2 2
4 Tomas Plekanec Linus Omark Jason Akeson 10 1 2 2
5 vs 5 Defense
Defense Defense Time % Phy DF OF
1 Alex Pietrangelo Bryce Lampman 40 1 2 2
2 Jake Gardiner Drew Fata 30 1 2 2
3 Justin Schultz Cody Franson 20 1 2 2
4 Alex Pietrangelo Drew Fata 10 1 2 2
PowerPlay Forward
Center Left Wing Right Wing Time % Phy DF OF
1 Nicklas Backstrom Taylor Hall Sergei Shirokov 60 1 2 2
2 Travis Zajac David Perron Blake Wheeler 40 1 2 2
PowerPlay Defense
Defense Defense Time % Phy DF OF
1 Jake Gardiner Alex Pietrangelo 60 1 2 2
2 Cody Franson Justin Schultz 40 1 2 2
Penalty Kill 4 Players Forward
Center Wing Time % Phy DF OF
1 Travis Zajac Blake Wheeler 60 1 2 2
2 Jordan Nolan Drew Stafford 40 1 2 2
Penalty Kill 4 Players Defense
Defense Defense Time % Phy DF OF
1 Drew Fata Bryce Lampman 60 1 2 2
2 Cody Franson Jake Gardiner 40 1 2 2
Penalty Kill - 3 Players Forward
Forward Time % Phy DF OF
1 Blake Wheeler 60 1 2 2
2 Travis Zajac 40 1 2 2
Penalty Kill - 3 Players Defense
Defense Defense Time % Phy DF OF
1 Bryce Lampman Drew Fata 60 1 2 2
2 Alex Pietrangelo Jake Gardiner 40 1 2 2
4 vs 4 Forward
Center Wing Time % Phy DF OF
1 Travis Zajac David Perron 60 1 2 2
2 Nicklas Backstrom Taylor Hall 40 1 2 2
4 vs 4 Defense
Defense Defense Time % Phy DF OF
1 Bryce Lampman Alex Pietrangelo 60 1 2 2
2 Drew Fata Jake Gardiner 40 1 2 2
Last Minutes Offensive
Center Left Wing Right Wing Defense Defense
Nicklas Backstrom Taylor Hall Sergei Shirokov Jake Gardiner Alex Pietrangelo
Last Minutes Defensive
Center Left Wing Right Wing Defense Defense
Travis Zajac Loui Eriksson Blake Wheeler Bryce Lampman Drew Fata
Goaltenders
Starting : Tuukka Rask
Backup : Ray Emery
Extra Forwards
Normal : Travis Zajac, Jason Akeson, David Perron - PP : Linus Omark, Tomas Plekanec - PK : Nicklas Backstrom
Extra Defensemen
Normal : Jake Gardiner, Cody Franson, Drew Fata - PP : Justin Schultz - PK : Alex Pietrangelo, Justin Schultz
Penalty Shots
David Perron, Loui Eriksson, Jordan Nolan, Nicklas Backstrom, Sergei Shirokov
Scratches
Jamie Langenbrunner (Severed Right Wrist Tendon Injury), Tuomo Ruutu (Healthy)
Kings
5 vs 5 Forward
Center Left Wing Right Wing Time % Phy DF OF
1 Anze Kopitar Johnny Gaudreau Jason Pominville 40 1 1 3
2 Frans Nielsen Drew Miller Ryan Callahan 35 0 2 3
3 Mike Comrie Peter Worrell Nikita Kucherov 20 1 2 2
4 Darroll Powe Chris Mcallister Vojtech Polak 5 1 3 1
5 vs 5 Defense
Defense Defense Time % Phy DF OF
1 Drew Doughty Colton Parayko 35 1 3 1
2 Michal Rozsival Torey Krug 35 1 3 1
3 Randy Jones Matt Irwin 30 1 3 1
4 Drew Doughty Michal Rozsival 0 1 3 1
PowerPlay Forward
Center Left Wing Right Wing Time % Phy DF OF
1 Anze Kopitar Johnny Gaudreau Jason Pominville 60 0 1 4
2 Frans Nielsen Drew Miller Nikita Kucherov 40 0 2 3
PowerPlay Defense
Defense Defense Time % Phy DF OF
1 Drew Doughty Torey Krug 60 0 2 3
2 Matt Irwin Michal Rozsival 40 0 2 3
Penalty Kill 4 Players Forward
Center Wing Time % Phy DF OF
1 Mike Comrie Chris Mcallister 60 0 4 1
2 Jason Pominville Drew Miller 40 0 4 1
Penalty Kill 4 Players Defense
Defense Defense Time % Phy DF OF
1 Randy Jones Michal Rozsival 60 1 4 0
2 Torey Krug Drew Doughty 40 1 4 0
Penalty Kill - 3 Players Forward
Forward Time % Phy DF OF
1 Anze Kopitar 60 1 4 0
2 Mike Comrie 40 1 4 0
Penalty Kill - 3 Players Defense
Defense Defense Time % Phy DF OF
1 Michal Rozsival Randy Jones 60 0 5 0
2 Torey Krug Drew Doughty 40 0 5 0
4 vs 4 Forward
Center Wing Time % Phy DF OF
1 Anze Kopitar Drew Miller 60 1 2 2
2 Frans Nielsen Jason Pominville 40 1 2 2
4 vs 4 Defense
Defense Defense Time % Phy DF OF
1 Drew Doughty Randy Jones 60 1 2 2
2 Michal Rozsival Torey Krug 40 1 2 2
Last Minutes Offensive
Center Left Wing Right Wing Defense Defense
Anze Kopitar Johnny Gaudreau Jason Pominville Torey Krug Drew Doughty
Last Minutes Defensive
Center Left Wing Right Wing Defense Defense
Anze Kopitar Chris Mcallister Jason Pominville Randy Jones Drew Doughty
Goaltenders
Starting : Jonathan Quick
Backup : Mike Brodeur
Extra Forwards
Normal : Frans Nielsen, Anze Kopitar, Jason Pominville - PP : Ryan Callahan, Peter Worrell - PK : Anze Kopitar
Extra Defensemen
Normal : Torey Krug, Matt Irwin, Randy Jones - PP : Matt Irwin - PK : Torey Krug, Matt Irwin
Penalty Shots
Nikita Kucherov, Ryan Callahan, Anze Kopitar, Drew Miller, Frans Nielsen
Scratches
Brendan Smith (Left Forearm Injury), Patrick Kaleta (Separated Left Shoulder Injury)
% Time on Ice - Blues
Lines # - Real PCT - Wanted PCT - Time Play
Normal Forward
1 - 34% - 40% - 15:25
2 - 26% - 30% - 12:04
3 - 22% - 20% - 10:14
4 - 18% - 10% - 8:18
Normal Defense
1 - 38% - 40% - 17:24
2 - 26% - 30% - 11:51
3 - 31% - 20% - 14:19
4 - 5% - 10% - 2:27
PP Forward
1 - 55% - 60% - 4:20
2 - 45% - 40% - 3:36
PP Defense
1 - 64% - 60% - 5:05
2 - 36% - 40% - 2:51
PK Forward
1 - 80% - 60% - 4:50
2 - 20% - 40% - 1:13
PK Defense
1 - 65% - 60% - 3:57
2 - 35% - 40% - 2:06
PK3 Forward
1 - 0% - 60%
2 - 0% - 40%
PK3 Defense
1 - 0% - 60%
2 - 0% - 40%
44 Forward
1 - 0% - 60%
2 - 0% - 40%
44 Defense
1 - 0% - 60%
2 - 0% - 40%
Last Minute Offensive - 0:00
Last Minute Defensive - 0:00
Total
Forward - 60:00
Defense - 60:00
|
% Time on Ice - Kings
Lines # - Real PCT - Wanted PCT - Time Play
Normal Forward
1 - 34% - 40% - 15:31
2 - 33% - 35% - 15:06
3 - 19% - 20% - 8:34
4 - 15% - 5% - 6:50
Normal Defense
1 - 36% - 35% - 16:47
2 - 33% - 35% - 15:12
3 - 29% - 30% - 13:17
4 - 2% - 0% - 0:45
PP Forward
1 - 55% - 60% - 3:21
2 - 45% - 40% - 2:42
PP Defense
1 - 56% - 60% - 3:22
2 - 44% - 40% - 2:41
PK Forward
1 - 74% - 60% - 5:50
2 - 26% - 40% - 2:06
PK Defense
1 - 64% - 60% - 5:05
2 - 36% - 40% - 2:51
PK3 Forward
1 - 0% - 60%
2 - 0% - 40%
PK3 Defense
1 - 0% - 60%
2 - 0% - 40%
44 Forward
1 - 0% - 60%
2 - 0% - 40%
44 Defense
1 - 0% - 60%
2 - 0% - 40%
Last Minute Offensive - 0:00
Last Minute Defensive - 0:00
Total
Forward - 60:00
Defense - 60:00
|
Play by Play
1st period
0:01 of 1st period - Anze Kopitar wins face-off versus Nicklas Backstrom in neutral zone.
0:11 of 1st period - Icing by Alex Pietrangelo.
0:12 of 1st period - Nicklas Backstrom wins face-off versus Frans Nielsen in Blues zone.
1:04 of 1st period - Snap shot by Darroll Powe.
1:04 of 1st period - Stopped by Tuukka Rask with a rebound.
1:34 of 1st period - Snap shot by Anze Kopitar.
1:34 of 1st period - Shot Misses the Net.
1:48 of 1st period - Backhand shot by Nicklas Backstrom.
1:48 of 1st period - Shot Blocked by Drew Miller.
2:21 of 1st period - Slapshot by Nikita Kucherov.
2:21 of 1st period - Stopped by Tuukka Rask without a rebound.
2:22 of 1st period - Anze Kopitar wins face-off versus Jordan Nolan in Blues zone.
2:59 of 1st period - Wrist shot by Anze Kopitar.
2:59 of 1st period - Stopped by Tuukka Rask without a rebound.
3:00 of 1st period - Drew Miller wins face-off versus Travis Zajac in Blues zone.
3:06 of 1st period - Icing by Travis Zajac.
3:07 of 1st period - Travis Zajac wins face-off versus Frans Nielsen in Blues zone.
3:07 of 1st period - Travis Zajac is hit by Drew Miller.
3:41 of 1st period - Wrist shot by Travis Zajac.
3:41 of 1st period - Stopped by Jonathan Quick with a rebound.
3:43 of 1st period - Snap shot by Travis Zajac.
3:43 of 1st period - Stopped by Jonathan Quick without a rebound.
3:44 of 1st period - Nicklas Backstrom wins face-off versus Anze Kopitar in Kings zone.
3:53 of 1st period - Alex Pietrangelo is hit by Randy Jones and loses puck.
4:10 of 1st period - Bryce Lampman is hit by Matt Irwin and loses puck.
4:59 of 1st period - Frans Nielsen is hit by David Perron.
5:35 of 1st period - Cody Franson is hit by Vojtech Polak and loses puck.
6:01 of 1st period - Justin Schultz is hit by Peter Worrell and loses puck.
6:14 of 1st period - Slapshot by Travis Zajac.
6:14 of 1st period - Shot Misses the Net.
6:16 of 1st period - Snap shot by Blake Wheeler.
6:16 of 1st period - Shot Misses the Net.
6:18 of 1st period - Snap shot by Blake Wheeler.
6:18 of 1st period - Shot Blocked by Michal Rozsival.
6:34 of 1st period - Drew Fata is hit by Jason Pominville and loses puck.
6:43 of 1st period - Snap shot by Jason Pominville.
6:43 of 1st period - Shot Misses the Net.
6:45 of 1st period - Backhand shot by Torey Krug.
6:45 of 1st period - Shot Misses the Net.
6:47 of 1st period - Minor Penalty to Linus Omark for Holding.
6:48 of 1st period - Anze Kopitar wins face-off versus Travis Zajac in Blues zone.
7:01 of 1st period - Bryce Lampman is hit by Jason Pominville and loses puck.
8:43 of 1st period - Bryce Lampman is hit by Drew Doughty and loses puck.
8:47 of 1st period - Penalty to Linus Omark is over, Linus Omark is back on ice.
8:56 of 1st period - Snap shot by Tomas Plekanec.
8:56 of 1st period - Shot Blocked by Matt Irwin.
9:37 of 1st period - Icing by Jordan Nolan.
9:38 of 1st period - Nicklas Backstrom wins face-off versus Anze Kopitar in Blues zone.
9:43 of 1st period - Anze Kopitar is hit by Blake Wheeler and loses puck.
10:43 of 1st period - Snap shot by Drew Stafford.
10:43 of 1st period - Stopped by Jonathan Quick without a rebound.
10:44 of 1st period - Anze Kopitar wins face-off versus Nicklas Backstrom in Kings zone.
10:57 of 1st period - Wrist shot by Anze Kopitar.
10:57 of 1st period - Stopped by Tuukka Rask without a rebound.
10:58 of 1st period - Anze Kopitar wins face-off versus Nicklas Backstrom in Blues zone.
11:03 of 1st period - Wrist shot by Anze Kopitar.
11:03 of 1st period - Shot Misses the Net.
11:05 of 1st period - Wrist shot by Matt Irwin.
11:05 of 1st period - Shot Misses the Net.
11:07 of 1st period - Snap shot by Jason Pominville.
11:07 of 1st period - Shot Misses the Net.
11:09 of 1st period - Wrist shot by Anze Kopitar.
11:09 of 1st period - Stopped by Tuukka Rask without a rebound.
11:10 of 1st period - Anze Kopitar wins face-off versus Nicklas Backstrom in Blues zone.
11:23 of 1st period - Johnny Gaudreau is hit by Nicklas Backstrom and loses puck.
11:36 of 1st period - Frans Nielsen is hit by David Perron and loses puck.
11:59 of 1st period - Snap shot by Drew Stafford.
11:59 of 1st period - Stopped by Jonathan Quick with a rebound.
12:01 of 1st period - Snap shot by Loui Eriksson.
12:01 of 1st period - Shot Blocked by Torey Krug.
12:03 of 1st period - Slapshot by Justin Schultz.
12:03 of 1st period - Stopped by Jonathan Quick with a rebound.
12:05 of 1st period - Backhand shot by Justin Schultz.
12:05 of 1st period - Stopped by Jonathan Quick without a rebound.
12:06 of 1st period - Anze Kopitar wins face-off versus Nicklas Backstrom in Kings zone.
12:06 of 1st period - Anze Kopitar is hit by Justin Schultz.
12:16 of 1st period - Slapshot by Drew Doughty.
12:16 of 1st period - Stopped by Tuukka Rask with a rebound.
12:32 of 1st period - Travis Zajac is hit by Drew Miller and loses puck.
12:40 of 1st period - Snap shot by Drew Miller.
12:40 of 1st period - Shot Misses the Net.
12:42 of 1st period - Snap shot by Drew Miller.
12:42 of 1st period - Shot Blocked by Justin Schultz.
13:17 of 1st period - Michal Rozsival is hit by Loui Eriksson and loses puck.
13:38 of 1st period - Snap shot by Anze Kopitar.
13:38 of 1st period - Shot Misses the Net.
13:40 of 1st period - Slapshot by Torey Krug.
13:40 of 1st period - Stopped by Tuukka Rask with a rebound.
13:42 of 1st period - Wrist shot by Jason Pominville.
13:42 of 1st period - Shot Misses the Net.
13:44 of 1st period - Snap shot by Torey Krug.
13:44 of 1st period - Stopped by Tuukka Rask without a rebound.
13:45 of 1st period - Sergei Shirokov wins face-off versus Frans Nielsen in Blues zone.
13:51 of 1st period - Sergei Shirokov is hit by Ryan Callahan.
13:55 of 1st period - Colton Parayko is hit by Travis Zajac and loses puck.
14:02 of 1st period - Snap shot by Sergei Shirokov.
14:02 of 1st period - Deflect By David Perron.
14:02 of 1st period - Shot Misses the Net.
14:02 of 1st period - Puck is out of play.
14:03 of 1st period - Nicklas Backstrom wins face-off versus Johnny Gaudreau in Kings zone.
14:27 of 1st period - Icing by Bryce Lampman.
14:28 of 1st period - Frans Nielsen wins face-off versus Travis Zajac in Blues zone.
14:45 of 1st period - Snap shot by David Perron.
14:45 of 1st period - Stopped by Jonathan Quick with a rebound.
15:14 of 1st period - Slapshot by Frans Nielsen.
15:14 of 1st period - Shot Misses the Net.
16:16 of 1st period - Torey Krug is hit by Bryce Lampman and loses puck.
17:17 of 1st period - Backhand shot by Torey Krug.
17:17 of 1st period - Shot Misses the Net.
17:25 of 1st period - Mike Comrie is hit by Jake Gardiner.
17:34 of 1st period - Off-side.
17:35 of 1st period - Nicklas Backstrom wins face-off versus Anze Kopitar in neutral zone.
17:38 of 1st period - Backhand shot by Alex Pietrangelo.
17:38 of 1st period - Stopped by Jonathan Quick with a rebound.
17:48 of 1st period - Wrist shot by Jason Pominville.
17:48 of 1st period - Stopped by Tuukka Rask without a rebound.
17:49 of 1st period - Nicklas Backstrom wins face-off versus Mike Comrie in Blues zone.
18:16 of 1st period - Drew Fata is hit by Matt Irwin.
18:20 of 1st period - Slapshot by Drew Doughty.
18:20 of 1st period - Shot Blocked by Travis Zajac.
18:28 of 1st period - Snap shot by Frans Nielsen.
18:28 of 1st period - Deflect By Drew Miller.
18:28 of 1st period - Shot Hit the Post.
18:28 of 1st period - Puck is out of play.
18:29 of 1st period - Anze Kopitar wins face-off versus Jordan Nolan in Blues zone.
18:30 of 1st period - Snap shot by Johnny Gaudreau.
18:30 of 1st period - Shot Misses the Net.
18:32 of 1st period - Slapshot by Jason Pominville.
18:32 of 1st period - Goal by Jason Pominville - Blues : 0 - Kings : 1.
18:33 of 1st period - Nicklas Backstrom wins face-off versus Anze Kopitar in neutral zone.
18:47 of 1st period - Off-side.
18:48 of 1st period - Frans Nielsen wins face-off versus Travis Zajac in neutral zone.
18:48 of 1st period - Frans Nielsen is hit by Sergei Shirokov.
18:54 of 1st period - Wrist shot by Frans Nielsen.
18:54 of 1st period - Shot Misses the Net.
19:16 of 1st period - Icing by Blake Wheeler.
19:17 of 1st period - Anze Kopitar wins face-off versus Nicklas Backstrom in Blues zone.
19:32 of 1st period - Jake Gardiner is hit by Johnny Gaudreau and loses puck.
19:47 of 1st period - Slapshot by Jason Pominville.
19:47 of 1st period - Stopped by Tuukka Rask without a rebound.
19:48 of 1st period - Frans Nielsen wins face-off versus Travis Zajac in Blues zone.
19:51 of 1st period - Wrist shot by Frans Nielsen.
19:51 of 1st period - Stopped by Tuukka Rask with a rebound.
Goals for this period are 0 for Blues vs 1 for Kings.
Shots for this period are 8 for Blues vs 12 for Kings.
2nd period
0:01 of 2nd period - Nicklas Backstrom wins face-off versus Anze Kopitar in neutral zone.
0:13 of 2nd period - Minor Penalty to Colton Parayko for Tripping.
0:14 of 2nd period - Mike Comrie wins face-off versus Nicklas Backstrom in Kings zone.
0:19 of 2nd period - Sergei Shirokov is hit by Randy Jones and loses puck.
1:22 of 2nd period - Drew Doughty is hit by Justin Schultz and loses puck.
2:13 of 2nd period - Penalty to Colton Parayko is over, Colton Parayko is back on ice.
2:20 of 2nd period - Backhand shot by Frans Nielsen.
2:20 of 2nd period - Stopped by Tuukka Rask with a rebound.
2:22 of 2nd period - Slapshot by Drew Doughty.
2:22 of 2nd period - Shot Blocked by Jordan Nolan.
2:24 of 2nd period - Slapshot by Frans Nielsen.
2:24 of 2nd period - Shot Blocked by Drew Stafford.
2:49 of 2nd period - Snap shot by Tomas Plekanec.
2:49 of 2nd period - Deflect By Linus Omark.
2:49 of 2nd period - Stopped by Jonathan Quick with a rebound.
2:59 of 2nd period - Wrist shot by Jordan Nolan.
2:59 of 2nd period - Shot Blocked by Colton Parayko.
3:13 of 2nd period - Snap shot by Johnny Gaudreau.
3:13 of 2nd period - Stopped by Tuukka Rask without a rebound.
3:14 of 2nd period - Jordan Nolan wins face-off versus Anze Kopitar in Blues zone.
3:32 of 2nd period - Jake Gardiner is hit by Peter Worrell and loses puck.
3:35 of 2nd period - Slapshot by Drew Fata.
3:35 of 2nd period - Deflect By Nikita Kucherov.
3:35 of 2nd period - Stopped by Jonathan Quick with a rebound.
3:37 of 2nd period - Slapshot by Drew Fata.
3:37 of 2nd period - Deflect By Nikita Kucherov.
3:37 of 2nd period - Stopped by Jonathan Quick with a rebound.
4:04 of 2nd period - Matt Irwin is hit by Nicklas Backstrom and loses puck.
4:15 of 2nd period - Jake Gardiner is hit by Frans Nielsen and loses puck.
4:40 of 2nd period - Wrist shot by Anze Kopitar.
4:40 of 2nd period - Shot Hit the Post.
5:10 of 2nd period - Snap shot by Mike Comrie.
5:10 of 2nd period - Goal by Mike Comrie - Blues : 0 - Kings : 2.
5:11 of 2nd period - Nicklas Backstrom wins face-off versus Anze Kopitar in neutral zone.
5:14 of 2nd period - Slapshot by Alex Pietrangelo.
5:14 of 2nd period - Shot Misses the Net.
5:34 of 2nd period - Minor Penalty to Blake Wheeler for Hooking.
5:35 of 2nd period - Travis Zajac wins face-off versus Anze Kopitar in Blues zone.
6:02 of 2nd period - Drew Miller is hit by Drew Fata and loses puck.
6:27 of 2nd period - Jordan Nolan is hit by Johnny Gaudreau and loses puck.
7:26 of 2nd period - Nicklas Backstrom is hit by Matt Irwin and loses puck.
7:34 of 2nd period - Penalty to Blake Wheeler is over, Blake Wheeler is back on ice.
7:39 of 2nd period - Wrist shot by Darroll Powe.
7:39 of 2nd period - Shot Misses the Net.
8:18 of 2nd period - Linus Omark is hit by Drew Miller and loses puck.
8:29 of 2nd period - Chris Mcallister is hit by Jordan Nolan.
9:54 of 2nd period - Blake Wheeler is hit by Johnny Gaudreau and loses puck.
10:05 of 2nd period - David Perron is hit by Frans Nielsen and loses puck.
10:16 of 2nd period - Snap shot by Tomas Plekanec.
10:16 of 2nd period - Stopped by Jonathan Quick without a rebound.
10:17 of 2nd period - Tomas Plekanec wins face-off versus Mike Comrie in Kings zone.
10:46 of 2nd period - Snap shot by Johnny Gaudreau.
10:46 of 2nd period - Stopped by Tuukka Rask without a rebound.
10:47 of 2nd period - Travis Zajac wins face-off versus Anze Kopitar in Blues zone.
11:19 of 2nd period - Nicklas Backstrom is hit by Drew Miller.
11:56 of 2nd period - Tomas Plekanec is hit by Chris Mcallister and loses puck.
12:39 of 2nd period - Snap shot by Drew Miller.
12:39 of 2nd period - Shot Blocked by Cody Franson.
13:23 of 2nd period - Snap shot by Jason Akeson.
13:23 of 2nd period - Goal by Jason Akeson - Blues : 1 - Kings : 2.
13:24 of 2nd period - Anze Kopitar wins face-off versus Nicklas Backstrom in neutral zone.
13:35 of 2nd period - Icing by Anze Kopitar.
13:36 of 2nd period - Nicklas Backstrom wins face-off versus Anze Kopitar in Kings zone.
13:53 of 2nd period - Snap shot by Nicklas Backstrom.
13:53 of 2nd period - Stopped by Jonathan Quick without a rebound.
13:54 of 2nd period - Frans Nielsen wins face-off versus Travis Zajac in Kings zone.
14:21 of 2nd period - Johnny Gaudreau is hit by Taylor Hall and loses puck.
14:42 of 2nd period - Snap shot by Anze Kopitar.
14:42 of 2nd period - Stopped by Tuukka Rask with a rebound.
14:44 of 2nd period - Slapshot by Peter Worrell.
14:44 of 2nd period - Stopped by Tuukka Rask with a rebound.
14:50 of 2nd period - Snap shot by Mike Comrie.
14:50 of 2nd period - Shot Misses the Net.
15:28 of 2nd period - Slapshot by Michal Rozsival.
15:28 of 2nd period - Stopped by Tuukka Rask without a rebound.
15:29 of 2nd period - Anze Kopitar wins face-off versus Travis Zajac in Blues zone.
15:36 of 2nd period - Snap shot by Anze Kopitar.
15:36 of 2nd period - Stopped by Tuukka Rask with a rebound.
15:38 of 2nd period - Minor Penalty to Drew Fata for Tripping.
15:39 of 2nd period - Johnny Gaudreau wins face-off versus Travis Zajac in Blues zone.
15:42 of 2nd period - Wrist shot by Anze Kopitar.
15:42 of 2nd period - Shot Misses the Net.
15:44 of 2nd period - Snap shot by Anze Kopitar.
15:44 of 2nd period - Goal by Anze Kopitar - Blues : 1 - Kings : 3.
15:45 of 2nd period - Nicklas Backstrom wins face-off versus Anze Kopitar in neutral zone.
16:00 of 2nd period - Anze Kopitar is hit by Blake Wheeler and loses puck.
16:16 of 2nd period - Wrist shot by Frans Nielsen.
16:16 of 2nd period - Deflect By Drew Miller.
16:16 of 2nd period - Deflect By David Perron.
16:16 of 2nd period - Shot Misses the Net.
16:16 of 2nd period - Puck is out of play.
16:17 of 2nd period - Travis Zajac wins face-off versus Frans Nielsen in Blues zone.
16:17 of 2nd period - Travis Zajac is hit by Ryan Callahan.
16:24 of 2nd period - Justin Schultz is hit by Michal Rozsival.
17:00 of 2nd period - Snap shot by Johnny Gaudreau.
17:00 of 2nd period - Stopped by Tuukka Rask without a rebound.
17:01 of 2nd period - Mike Comrie wins face-off versus Travis Zajac in Blues zone.
17:51 of 2nd period - Snap shot by Tomas Plekanec.
17:51 of 2nd period - Shot Blocked by Randy Jones.
17:53 of 2nd period - Wrist shot by Linus Omark.
17:53 of 2nd period - Stopped by Jonathan Quick with a rebound.
17:55 of 2nd period - Snap shot by Jake Gardiner.
17:55 of 2nd period - Shot Misses the Net.
19:33 of 2nd period - Frans Nielsen is hit by David Perron.
19:45 of 2nd period - Wrist shot by Frans Nielsen.
19:45 of 2nd period - Stopped by Tuukka Rask with a rebound.
19:59 of 2nd period - Wrist shot by Mike Comrie.
19:59 of 2nd period - Shot Misses the Net.
Goals for this period are 1 for Blues vs 2 for Kings.
Shots for this period are 7 for Blues vs 11 for Kings.
3rd period
0:01 of 3rd period - Anze Kopitar wins face-off versus Nicklas Backstrom in neutral zone.
0:05 of 3rd period - Off-side.
0:06 of 3rd period - Nicklas Backstrom wins face-off versus Anze Kopitar in neutral zone.
0:11 of 3rd period - Snap shot by Anze Kopitar.
0:11 of 3rd period - Shot Misses the Net.
1:01 of 3rd period - Drew Fata is hit by Torey Krug.
1:39 of 3rd period - Nicklas Backstrom is hit by Vojtech Polak and loses puck.
1:57 of 3rd period - Off-side.
1:58 of 3rd period - Frans Nielsen wins face-off versus Travis Zajac in neutral zone.
2:12 of 3rd period - Minor Penalty to Drew Miller for Roughing.
2:13 of 3rd period - Nicklas Backstrom wins face-off versus Mike Comrie in Kings zone.
4:12 of 3rd period - Penalty to Drew Miller is over, Drew Miller is back on ice.
4:22 of 3rd period - Snap shot by Jordan Nolan.
4:22 of 3rd period - Shot Misses the Net.
4:24 of 3rd period - Snap shot by Loui Eriksson.
4:24 of 3rd period - Stopped by Jonathan Quick without a rebound.
4:25 of 3rd period - Frans Nielsen wins face-off versus Jordan Nolan in Kings zone.
4:40 of 3rd period - Jordan Nolan is hit by Drew Miller and loses puck.
4:59 of 3rd period - Slapshot by Linus Omark.
4:59 of 3rd period - Deflect By Jason Akeson.
4:59 of 3rd period - Shot Hit the Post.
4:59 of 3rd period - Puck is out of play.
5:00 of 3rd period - Nicklas Backstrom wins face-off versus Frans Nielsen in Kings zone.
5:30 of 3rd period - Slapshot by Taylor Hall.
5:30 of 3rd period - Shot Misses the Net.
5:39 of 3rd period - Minor Penalty to Drew Miller for Cross-checking.
5:40 of 3rd period - Mike Comrie wins face-off versus Travis Zajac in Kings zone.
5:40 of 3rd period - Mike Comrie is hit by Jake Gardiner.
6:13 of 3rd period - Snap shot by Sergei Shirokov.
6:13 of 3rd period - Shot Blocked by Michal Rozsival.
6:15 of 3rd period - Backhand shot by Nicklas Backstrom.
6:15 of 3rd period - Stopped by Jonathan Quick with a rebound.
6:17 of 3rd period - Slapshot by Alex Pietrangelo.
6:17 of 3rd period - Stopped by Jonathan Quick without a rebound.
6:18 of 3rd period - Nicklas Backstrom wins face-off versus Jason Pominville in Kings zone.
6:31 of 3rd period - Slapshot by Taylor Hall.
6:31 of 3rd period - Stopped by Jonathan Quick with a rebound.
6:41 of 3rd period - Justin Schultz is hit by Mike Comrie and loses puck.
6:48 of 3rd period - Mike Comrie is hit by Blake Wheeler and loses puck.
7:02 of 3rd period - Icing by Taylor Hall.
7:03 of 3rd period - Mike Comrie wins face-off versus Sergei Shirokov in Blues zone.
7:14 of 3rd period - Slapshot by Alex Pietrangelo.
7:14 of 3rd period - Shot Blocked by Randy Jones.
7:16 of 3rd period - Snap shot by Jake Gardiner.
7:16 of 3rd period - Shot Hit the Post.
7:18 of 3rd period - Slapshot by Jake Gardiner.
7:18 of 3rd period - Shot Misses the Net.
7:20 of 3rd period - Snap shot by Alex Pietrangelo.
7:20 of 3rd period - Stopped by Jonathan Quick without a rebound.
7:21 of 3rd period - Mike Comrie wins face-off versus Nicklas Backstrom in Kings zone.
7:34 of 3rd period - Slapshot by Nicklas Backstrom.
7:34 of 3rd period - Shot Misses the Net.
7:39 of 3rd period - Penalty to Drew Miller is over, Drew Miller is back on ice.
8:18 of 3rd period - Snap shot by Frans Nielsen.
8:18 of 3rd period - Shot Blocked by Tomas Plekanec.
8:20 of 3rd period - Snap shot by Ryan Callahan.
8:20 of 3rd period - Stopped by Tuukka Rask without a rebound.
8:21 of 3rd period - Nicklas Backstrom wins face-off versus Anze Kopitar in Blues zone.
8:23 of 3rd period - Minor Penalty to Alex Pietrangelo for Hooking.
8:24 of 3rd period - Anze Kopitar wins face-off versus Travis Zajac in Blues zone.
10:23 of 3rd period - Penalty to Alex Pietrangelo is over, Alex Pietrangelo is back on ice.
11:06 of 3rd period - Randy Jones is hit by David Perron and loses puck.
11:34 of 3rd period - Tomas Plekanec is hit by Chris Mcallister and loses puck.
12:30 of 3rd period - Bryce Lampman is hit by Mike Comrie and loses puck.
12:43 of 3rd period - Johnny Gaudreau is hit by Tomas Plekanec.
12:55 of 3rd period - Torey Krug is hit by Blake Wheeler and loses puck.
13:13 of 3rd period - Vojtech Polak is hit by Loui Eriksson and loses puck.
13:24 of 3rd period - Justin Schultz is hit by Mike Comrie and loses puck.
13:39 of 3rd period - Randy Jones is hit by Linus Omark and loses puck.
13:46 of 3rd period - Justin Schultz is hit by Anze Kopitar and loses puck.
14:03 of 3rd period - Frans Nielsen is hit by Taylor Hall and loses puck.
14:27 of 3rd period - Minor Penalty to Nikita Kucherov for Hooking.
14:28 of 3rd period - Nicklas Backstrom wins face-off versus Mike Comrie in Kings zone.
16:27 of 3rd period - Penalty to Nikita Kucherov is over, Nikita Kucherov is back on ice.
16:51 of 3rd period - Drew Miller is hit by Justin Schultz and loses puck.
17:02 of 3rd period - Tomas Plekanec is hit by Anze Kopitar and loses puck.
17:57 of 3rd period - Wrist shot by Loui Eriksson.
17:57 of 3rd period - Shot Misses the Net.
19:11 of 3rd period - Jason Akeson is hit by Darroll Powe.
19:38 of 3rd period - Drew Fata is hit by Darroll Powe and loses puck.
Goals for this period are 0 for Blues vs 0 for Kings.
Shots for this period are 5 for Blues vs 1 for Kings.
Back to the Top